 Seeded DCSS version 0.29.1-12-g30fa7ad0bf (webtiles) character file.

Game seed: 20230106 (custom seed)

351 Nonny the Gusty (level 6, 30/30 HPs)
             Began as a Vine Stalker Air Elementalist on Jan 6, 2023.
             Was a High Priest of Ignis.
             Quit the game on level 4 of the Dungeon on Jan 8, 2023.
             The game lasted 00:12:13 (3113 turns).

Nonny the Gusty (Vine Stalker Air Elementalist)     Turns: 3113, Time: 00:12:13

Health: 30/30      AC:  4    Str: 11    XL:     6   Next: 61%
Magic:  10/10      EV: 11    Int: 23    God:    Ignis [*****.]
Gold:   177        SH:  3    Dex: 14    Spells: 6/9 levels left

rFire   + . .      SeeInvis .   r - +2 flail (protect)
rCold   . . .      Faith    .   v - +0 buckler
rNeg    . . .      Spirit   +   h - +0 leather armour
rPois   .          Reflect  .   (no helmet)
rElec   .          Harm     .   (no cloak)
rCorr   .          Rampage  .   m - +0 pair of gloves
Will    .....                   (no boots)
Stlth   ++........              (no amulet)
HPRegen 0.90/turn               u - +6 ring of intelligence
MPRegen 0.12/turn               (no ring)

@: about to teleport
A: fangs 2, regeneration 1, magic shield, antimagic bite, no potion heal 2
a: Renounce Religion, Fiery Armour, Foxfire Swarm, Rising Flame


You were on level 4 of the Dungeon.
You worshipped Ignis.
Ignis was extremely pleased with you.
You visited 1 branch of the dungeon, and saw 4 of its levels.

You collected 177 gold pieces.

Inventory:

Hand Weapons
 g - a +0 whip
 r - a +2 flail of protection (weapon)
Missiles
 f - 5 silver javelins
 i - 3 poisoned darts
Armour
 h - a +0 leather armour (worn)
 m - a +0 pair of gloves (worn)
 v - a +0 buckler (worn)
Jewellery
 o - a ring of ice
 p - a ring of fire
 u - a +6 ring of intelligence (left hand)
Scrolls
 a - a scroll of noise {unknown}
 d - a scroll of teleportation
 l - 2 scrolls of blinking {unknown}
 s - a scroll of poison {unknown}
 t - 2 scrolls of magic mapping {unknown}
Potions
 b - a potion of magic
 c - 3 potions of curing {unknown}
 e - a potion of attraction {unknown}
 j - a potion of invisibility {unknown}
 k - a potion of lignification {unknown}
 n - a potion of might {unknown}
 q - a potion of haste {unknown}


   Skills:
 + Level 1.5 Fighting
 + Level 3.2 Armour
 - Level 1.5 Dodging
 - Level 3.0 Stealth
 - Level 2.1 Spellcasting
 - Level 1.0 Conjurations
 + Level 5.2 Air Magic


You had 6 spell levels left.
You knew the following spells:

 Your Spells              Type           Power      Damage    Failure   Level
a - Shock                 Conj/Air       64%        1d7       6%          1
b - Static Discharge      Conj/Air       16%        3-5/arc   10%         2

Your spell library contained the following spells:

 Spells                   Type           Power      Damage    Failure   Level
 Swiftness                Air            26%        N/A       8%          3
 Magic Dart               Conj           28%        1d4       16%         1
 Searing Ray              Conj           14%        2d5       22%         2
 Airstrike                Air            13%        2d(2-18)  26%         4
 Ensorcelled Hibernation  Hex/Ice        4%         N/A       34%         2
 Passwall                 Tmut/Erth      1%         N/A       34%         2
 Fulminant Prism          Conj/Hex       2%         3d6       88%         4


Dungeon Overview and Level Annotations

Branches:
Dungeon (4/15)
 Temple: D:4-7

Altars:
Dithmenos
Trog
Ignis

Shops:
D:1 (

Annotations:
D:4 1 runed translucent door, gdog's ghost, amateur GnDe


Innate Abilities, Weirdness & Mutations

You have extremely sharp teeth.
Your natural rate of healing is unusually fast.
When hurt, damage is shared between your health and your magic reserves.
Your bite disrupts and absorbs the magic of your enemies.
Potions cannot restore your health.


Message History

You open the large door.
Found a bloodstained altar of Trog and a shadowy altar of Dithmenos.
Done exploring.
Done exploring.
Search for what [? for help]? .
You see here a +0 club.
Things that are here:
a +0 mace; a +0 chain mail
There is a stone staircase leading down here.
You climb downwards.
There is a stone staircase leading up here.
An adder comes into view.
Found a stone staircase leading up.
The helpless adder fails to defend itself.
You sock the adder!
Your weapon exudes an aura of protection.
You bite the adder. You drain its power.
The adder is almost dead.
The adder misses you. The adder bites you.
You closely miss the adder. Your bite misses the adder.
The adder is almost dead.
The adder bites you but does no damage. The adder barely misses you.
You closely miss the adder. Your bite misses the adder.
The adder is almost dead.
You block the adder's attack. The adder closely misses you.
You sock the adder!
Your weapon exudes an aura of protection.
You kill the adder!
No target in view!
No target in view!
Magic restored.
There is a stone staircase leading up here.
a - a scroll labelled MUCLIFRIPPY
Found a runed translucent door.
Press: ? - help, v - describe, . - travel
Here: gdog's ghost (fire blocked by a translucent stone wall)
The floor.
As you read the scroll labelled VID YD PUENECS, it crumbles to dust.
You feel strangely unstable.
It was a scroll of teleportation.
Are you sure you want to abandon this character and quit the game? (Confirm with "yes".)

..#...#+#
##....##.##
....##...#
...##W....
#..#⌠.?♣!.
#######..##.....
#.........##...#
#@...##⌠##
#.....###. #.
#.#....... #.
#.###.....
###.####.# .##.
#......#.# #
#......#<#
#........#
#........###..#


You could see gdog's ghost.

Vanquished Creatures
  Sigmund (D:3)
  An orc priest (D:3)
  4 gnolls (D:2)
  5 adders
  3 worms
  An orc (D:3)
  3 ball pythons
  3 endoplasms
  A giant cockroach (D:3)
  5 goblins
  6 hobgoblins
  2 jackals (D:1)
  4 kobolds
  3 quokkas
  6 bats
  A frilled lizard (D:1)
  4 rats
53 creatures vanquished.

Vanquished Creatures (collateral kills)
  An adder (D:2)
  A worm (D:2)
  2 orcs (D:3)
  A ball python (D:2)
5 creatures vanquished.

Vanquished Creatures (others)
  A goblin (D:3)
1 creature vanquished.

Grand Total: 59 creatures vanquished

Notes
Turn   | Place    | Note
-------+----------+-------------------------------------------
     0 | D:1      | Nonny the Vine Stalker Air Elementalist began the quest for
                  | the Orb.
     0 | D:1      | Reached XP level 1. HP: 9/9 MP: 4/4
    33 | D:1      | 6 silver javelins
    42 | D:1      | +0 whip
    44 | D:1      | +0 leather armor
    58 | D:1      | Starting vault: 12 fountains oval chamber, 4 deep water
                  | tiles
   158 | D:1      | Reached XP level 2. HP: 11/13 MP: 1/6
   189 | D:1      | Found Yppos's Weapon Shop.
   197 | D:1      | 213 gold for +3 venom dagger
   197 | D:1      | 370 gold for +4 freezing great sword
   197 | D:1      | 90 gold for +0 elec whip
   232 | D:1      | orb of mayhem
   260 | D:1      | 3 poisoned darts
   408 | D:1      | +0 gloves
   959 | D:1      | Reached XP level 3. HP: 16/16 MP: 7/7
  1089 | D:1      | Rings of ice and fire on this floor.
  1147 | D:2      | Reached skill level 4 in Air Magic
  1147 | D:2      | QOTUHA OGAT - summoning
  1150 | D:2      | Learned a level 2 spell: Static Discharge
  1310 | D:2      | Found a faded altar of an unknown god.
  1326 | D:2      | Prayed at the altar of an unknown god.
  1326 | D:2      | Became a worshipper of Ignis, the Dying Flame
  1652 | D:2      | Gained mutation: Your natural rate of healing is unusually
                  | fast. [Vine Stalker growth]
  1652 | D:2      | Reached XP level 4. HP: 19/21 MP: 1/8
  1730 | D:2      | +2 protection flail on gnoll in southeastern pack
  1730 | D:2      | 4chamb floor
  1766 | D:2      | Reached skill level 1 in Armour
  2034 | D:2      | Book of Burglary
  2272 | D:2      | +6 int ring
  2514 | D:3      | Reached XP level 5. HP: 22/25 MP: 7/9
  2564 | D:3      | Reached skill level 1 in Fighting
  2870 | D:3      | Noticed Sigmund
  2881 | D:3      | Killed Sigmund
  2882 | D:3      | Reached skill level 5 in Air Magic
  2882 | D:3      | Reached XP level 6. HP: 30/30 MP: 10/10
  3002 | D:3      | Found a bloodstained altar of Trog.
  3002 | D:3      | Found a shadowy altar of Dithmenos.
  3106 | D:4      | Noticed gdog's ghost (amateur GnDe)
  3111 | D:4      | Found a runed translucent door.
  3113 | D:4      | Quit the game

Illustrated notes ########### ####.........#### ##...............## +......⌠...⌠....... ##...⌠.........⌠...# #......(..≈......... ##...⌠...........⌠... #.......≈.....≈..(..< ##..@⌠...........⌠... #.........≈......... ##...⌠.........⌠...# +......⌠..)⌠....... ##........[......## ####.........#### ########### Turn 33 on D:1: 6 silver javelins +......⌠...⌠.......# ##...⌠.........⌠...## #......(..≈.........# ##...⌠...........⌠...# #.......≈.....≈..(..<# ##...⌠...........⌠...# #.........≈.........# ##...⌠.........⌠...## +......⌠..@⌠.......# ##........[......### ####.........#### ########### Turn 42 on D:1: +0 whip ##...⌠.........⌠...## #......(..≈.........# ##...⌠...........⌠...# #.......≈.....≈..(..<# ##...⌠...........⌠...# #.........≈.........# ##...⌠.........⌠...## +......⌠...⌠.......# ##........@......### ####.........#### ########### Turn 44 on D:1: +0 leather armor ####.........#### ##...............### +......⌠...⌠.......# ##...⌠.........⌠...## #......(..≈.........# ##...⌠...........⌠...# #.......≈.....≈..(..<# ##...⌠...........⌠...# #.......@.≈.........# ##...⌠.........⌠...## +......⌠...⌠.......# ##........[......### ####.........#### ########### Turn 58 on D:1: Starting vault: 12 fountains oval chamber, 4 deep water tiles #### #..# #8. ## #####.##..# #..8.@>8..# ####.###.###.## ........8.>....# ##.........###.# #.........# #.........# #########.# ########### #.# #.........###.# Turn 197 on D:1: 213 gold for +3 venom dagger ######################## .......@................ ######################## ########### #### ####.........#### #... ##...............### #... +......⌠...⌠.......# #... Turn 232 on D:1: orb of mayhem ############ #..........# #.@....###.######## #.....l....(#.....†.... #.........#!#...####### #.....#...#...### #........###.## ####+#.......# .......## ####### .##....# ####...... .#. ##......... Turn 260 on D:1: 3 poisoned darts #.####### #.# #... #.###.####### #...........# ######.#..#.# #.#..# #####.#..# # #.....#(.###.# #.#####..@†..# #.# #....##### #.###.#### #.....# ####### Turn 408 on D:1: +0 gloves #..........#...... #..........#.##### #..........#...... #..........######. #####..........# #. #.....########## #. #.################# ## #.# #.........#...# #.###@#######.#.#.# #...........#.#.#.# ######.#..#.#.#.#.# #.#..#.....#.# #####.#..###.###.# #.....#(.###.# #.#### #.#####...†..# #.##.. #.# #....##### #.##.# #.###.##########.##.# Turn 1089 on D:1: Rings of ice and fire on this floor. .. ..# ##..# ....## # ### ##.....## #.##.## ##.......# #..<.####.......?. ##......'.gK...... ##..####@r....... #..## ##..S....# #.### ##.....## #.. #...## ## #+## Turn 1147 on D:2: QOTUHA OGAT - summoning # #.# #.# ###.# #.# ..#.# #.# #.#># ###.### #+## ....# #.....# #...# ....# ##.###.# #..... .#.## ####..# #.##...... ###)###.....###.#.gw..g. .#..............@....... ...####......#.##...g... #### #..##.##.# #.[.... #..#####. #..g.. #..# #. #...# #... .. .... ##.#. .. .## .#. # Turn 1730 on D:2: +2 protection flail on gnoll in southeastern pack ### #.# ... #.# #.# #####.#### #..)...@.# #.###.##.# #.##.# #.###..#.# #........## ########....#### ...............+ ######.....#### #.##.## Turn 2034 on D:2: Book of Burglary

##.........#
######.....#
##..†....## .#
#.##.## ##.....##
#. #.# ##
#####...## #. #.#
.....#'## #.### #.#
####.#.########...#
##.##
..##.........#....#
##...##
#.##...#####.##.†.#
#.....###
#.##....## #.# #@#
#........
.........###.###.#
#.....###
#.###...#........#
##...## #.#
#..##.##.#####
#####
#.###..##.##.#
#........#.#.####
#####...........##
##.########..####
#.# #.)...#


Turn 2272 on D:2: +6 int ring

Levels and vault maps discovered:
D:1:      dpeg_arrival_stone_temple_mockup, layout_basic, serial_shops,
          nicolae_shop_statue_plus, corner_web_ring, minmay_pentomino_t2
D:2:      layout_loops_corners, hellmonk_ecumenical_altar_pennies_from_heaven
D:3:      layout_rooms, gammafunk_temple_overflow_wave,
          nicolae_concentric_dashed_squares_mild, nrook_mini_backslash,
          uniq_sigmund
D:4:      layout_rooms, minmay_temple_entry_sparse_star,
          hellmonk_ghost_happy_afterlife

Skill      XL: |  1  2  3  4  5 |
---------------+----------------+-----
Stealth        | 3 |  3.0
Air Magic      | 4 5 |  5.2
Armour         | 1 3 |  3.2
Fighting       | 1 |  1.5
Dodging        | |  1.5
Spellcasting   | |  2.1
Conjurations   | |  1.0

Action                   |  1- 3 |  4- 6 || total
-------------------------+-------+-------++-------
Melee: Whip              |    68 |       ||    68
       Bite              |    18 |    24 ||    42
       Flail             |       |   100 ||   100
Throw: Javelin           |       |     3 ||     3
 Cast: Shock             |    12 |     8 ||    20
       Static Discharge  |     3 |     1 ||     4
  Use: Scroll            |     1 |     1 ||     2
 Stab: Sleeping          |     1 |     4 ||     5
Armor: Leather armour    |    26 |    42 ||    68
Dodge: Dodged            |    48 |    77 ||   125
Block: Buckler           |       |     2 ||     2
